Map: Solaris LE

Players

DarkHorse - Winner!

  • Race: Zerg Zerg
  • Spawn Location: 7:00

daniov

  • Race: Zerg Zerg
  • League: Platinum
  • Spawn Location: 1:00

VOD

Have the link to the VOD?

Description

Time

  • Played on: March 14, 2024, 2:09 a.m.
  • Length: 14:33
Show
View Real Time Build Order
Export as new Build Order

DarkHorse Zerg - Winner!

Build Orders: Hatch First, Lurkers, Roach Hydra 

Get SALT Encoding   

  12  0:00  Drone  
  13  0:12  Overlord  
  13  0:16  Drone  
  14  0:30  Drone x2  
  14  0:34  Drone  
  17  0:52  Hatchery  
  17  0:56  Drone  
  17  0:58  Drone  
  18  1:09  Extractor  
  17  1:14  Spawning Pool  
  17  1:17  Drone  
  17  1:20  Drone  
  18  1:28  Drone  
  19  1:39  Overlord  
  19  1:49  Drone  
  21  2:01  Zergling x2  
  21  2:02  Queen  
  21  2:04  Queen  
  21  2:05  Zergling x2  
  26  2:11  Drone  
  27  2:17  Drone  
  27  2:19  Metabolic Boost  
  28  2:24  Drone  
  28  2:26  Drone  
  30  2:34  Drone  
  31  2:46  Hatchery  
  30  2:51  Drone  
  30  2:52  Drone x2  
  33  2:58  Baneling Nest  
  33  2:59  Drone x2  
  34  3:07  Zergling x2  
  34  3:09  Overlord  
  35  3:24  Zergling x2  
  36  3:27  Queen x2  
  36  3:28  Drone x4  
  44  3:41  Baneling  
  44  3:42  Baneling x2  
  44  3:46  Overlord x2  
  44  3:55  Overlord, Spine Crawler  
  43  4:15  Drone x11  
  54  4:23  Zergling x14  
  61  4:34  Zergling x6  
  64  4:39  Spine Crawler  
  64  4:42  Drone x3  
  64  4:43  Spine Crawler  
  65  4:53  Baneling  
  65  4:54  Baneling x2  
  66  5:00  Drone x4  
  66  5:04  Roach Warren  
  68  5:08  Evolution Chamber  
  68  5:09  Evolution Chamber  
  66  5:14  Drone x2, Spine Crawler  
  67  5:23  Lair  
  67  5:24  Extractor  
  67  5:25  Extractor  
  67  5:28  Extractor  
  63  5:32  Extractor  
  62  5:41  Zergling x22  
  66  5:45  Zergling x8  
  64  5:56  Roach x2  
  68  5:58  Zerg Missile Weapons Level 1, Spine Crawler  
  68  6:01  Spine Crawler  
  66  6:22  Overlord  
  66  6:23  Overlord x2  
  66  6:39  Zerg Ground Armor Level 1  
  66  6:41  Extractor  
  66  6:42  Drone x3  
  66  6:44  Drone x3  
  66  6:46  Drone x3  
  74  6:47  Drone x3  
  74  6:48  Drone x4  
  81  6:58  Roach x2  
  81  7:01  Drone x3  
  88  7:08  Spore Crawler  
  87  7:09  Spore Crawler  
  87  7:10  Drone x3  
  87  7:11  Drone x2, Spore Crawler  
  87  7:13  Overlord  
  90  7:18  Glial Reconstitution  
  90  7:25  Hydralisk Den  
  90  7:26  Drone  
  90  7:30  Overlord x4  
  90  7:31  Overlord  
  90  7:40  Pneumatized Carapace, Overseer  
  90  7:43  Roach x4  
  98  7:49  Drone x2  
  100  7:54  Roach x2  
  104  8:05  Hatchery  
  104  8:08  Roach x2  
  104  8:09  Roach x4  
  104  8:11  Zerg Missile Weapons Level 2  
  115  8:14  Muscular Augments  
  112  8:43  Hydralisk x8  
  112  8:44  Hydralisk x3  
  133  8:50  Overlord x3  
  133  8:52  Overlord  
  133  9:02  Drone x2  
  135  9:03  Drone x2  
  137  9:16  Lurker Den  
  136  9:18  Grooved Spines  
  136  9:22  Hydralisk x7  
  150  9:25  Zergling x8  
  154  9:33  Zergling x2  
  154  9:34  Zergling x8  
  159  9:40  Hydralisk x3  
  165  9:45  Zerg Ground Armor Level 2  
  155  10:03  Hydralisk x6  
  144  10:09  Hydralisk  
  144  10:17  Roach x6  
  144  10:20  Roach x2  
  160  10:24  Drone x6  
  166  10:32  Lurker x2  
  168  10:37  Overlord x2  
  168  10:38  Overlord x2  
  168  10:58  Roach x11  
  190  11:08  Hatchery  
  190  11:10  Roach x5  
  199  11:25  Overlord x4  
  199  11:32  Overseer  
  188  11:54  Lurker x6  
  191  11:55  Infestation Pit  
  191  11:59  Roach x3  
  199  12:06  Extractor  
  199  12:08  Extractor, Spore Crawler, Spine Crawler  
  196  12:14  Spine Crawler  
  194  12:21  Overseer x2  
  193  12:46  Overseer x3  
  191  13:04  Hydralisk x2  
  191  13:05  Hydralisk x2  
  199  13:17  Overseer x3  
  195  13:22  Hydralisk x10  
  195  13:23  Hydralisk x5  
  195  13:31  Hydralisk  
  195  13:32  Hydralisk x4  
  172  13:40  Roach  
  172  13:41  Roach x3  
  160  13:46  Roach x4  
  168  13:50  Spire  
  168  13:51  Lurker x2  
  150  14:03  Overseer x3  
  147  14:18  Overseer x3  
Show
View Real Time Build Order
Export as new Build Order

daniov Zerg 

Build Orders: Hatch First, Lurkers 

Get SALT Encoding   

  12  0:01  Drone  
  13  0:09  Drone  
  14  0:16  Overlord  
  14  0:45  Drone  
  14  0:46  Hatchery  
  14  0:51  Drone  
  14  0:53  Drone  
  16  1:06  Extractor  
  15  1:15  Spawning Pool  
  15  1:16  Drone  
  15  1:18  Drone  
  16  1:22  Drone  
  17  1:33  Drone  
  18  1:40  Overlord  
  18  1:52  Drone  
  19  2:00  Drone  
  20  2:02  Zergling x2  
  20  2:05  Queen  
  20  2:07  Queen  
  25  2:09  Drone  
  26  2:17  Drone  
  27  2:23  Drone x2  
  29  2:30  Metabolic Boost  
  29  2:32  Zergling x2  
  29  2:35  Drone  
  31  2:43  Overlord  
  31  2:47  Drone  
  32  3:02  Drone x2  
  34  3:08  Drone x2  
  36  3:17  Overlord, Hatchery  
  36  3:19  Overlord  
  35  3:34  Queen  
  37  3:42  Drone  
  37  3:43  Drone x4, Roach Warren  
  37  3:44  Drone  
  42  3:54  Zergling x8  
  45  4:26  Roach x3  
  45  4:28  Overlord x4  
  51  4:31  Drone  
  51  4:32  Drone x3  
  51  4:38  Queen  
  55  4:40  Overlord x2  
  57  4:45  Queen x2  
  57  4:49  Drone, Evolution Chamber  
  57  4:50  Drone x2  
  57  4:52  Drone  
  64  4:54  Drone  
  64  4:55  Drone x2  
  67  5:11  Roach x4  
  67  5:12  Roach x4  
  83  5:18  Overlord  
  83  5:19  Overlord  
  83  5:22  Queen  
  85  5:33  Zergling x2  
  85  5:34  Zergling x8  
  85  5:55  Zergling x2, Roach x6  
  85  5:56  Zergling x2  
  99  6:00  Drone x3  
  102  6:10  Extractor  
  101  6:11  Extractor  
  101  6:13  Extractor  
  99  6:26  Zerg Missile Weapons Level 1  
  99  6:28  Lair  
  99  6:30  Drone x2  
  99  6:31  Drone  
  99  6:32  Drone x3  
  105  6:35  Drone x2  
  105  6:36  Drone, Extractor  
  105  6:37  Drone x3  
  110  6:42  Extractor, Drone x3  
  110  6:46  Zergling x2  
  110  6:47  Zergling x6  
  115  6:49  Queen x2  
  120  7:15  Drone  
  121  7:17  Overlord  
  121  7:18  Overlord x2  
  121  7:23  Hatchery  
  120  7:31  Queen, Hydralisk Den  
  120  7:34  Overlord x3  
  120  7:36  Hatchery  
  120  8:03  Drone  
  120  8:04  Drone x3  
  120  8:05  Drone  
  125  8:13  Zergling x2  
  125  8:14  Zergling x26  
  138  8:40  Hydralisk  
  138  8:41  Hydralisk x9  
  137  8:46  Zergling x6, Hydralisk x2  
  155  8:50  Ravager  
  155  8:51  Ravager x2  
  158  8:56  Drone  
  158  8:57  Drone x4  
  158  8:59  Queen  
  158  9:00  Queen x4  
  173  9:26  Zerg Missile Weapons Level 2  
  173  9:27  Muscular Augments  
  173  9:28  Glial Reconstitution  
  173  9:32  Evolution Chamber  
  173  9:35  Queen x3  
  173  9:36  Queen x2, Lurker Den  
  136  10:10  Hydralisk  
  136  10:11  Hydralisk x15  
  136  10:13  Zergling x8  
  136  10:14  Zergling x12  
  176  10:21  Queen x2  
  180  10:31  Drone  
  180  10:32  Overlord  
  180  10:33  Overlord x3  
  181  10:41  Zerg Ground Armor Level 1  
  181  10:50  Queen x2  
  181  10:51  Lurker x11  
  181  10:52  Lurker  
  193  11:11  Drone  
  193  11:12  Drone x5  
  199  11:25  Overseer x2  
  170  11:48  Pneumatized Carapace  
  170  12:04  Drone  
  170  12:05  Drone  
  170  12:07  Drone x3, Extractor  
  175  12:08  Drone x2  
  175  12:09  Drone, Extractor  
  175  12:14  Hatchery x2  
  174  12:20  Hatchery  
  149  13:01  Zergling x2  
  149  13:02  Zergling x28  
  152  13:33  Overseer  
Tags
 
Add a new tag
Caveats
  • Supply blocks, unpowered buildings, or Contaminate may cause inaccurate times.
  • Supply counts are checked every 10 seconds.